 Dungeon Crawl Stone Soup version 0.30.1-11-g7821555f0a (webtiles) character file.

Game seed: 17108724918883983441

159 RancidPinata the Sneak (level 5, -1/37 HPs)
             Began as an Octopode Delver on Dec 22, 2023.
             Was an Initiate of Dithmenos.
             Slain by an orc wizard
             ... wielding a +0 dagger
              (2 damage)
             ... on level 3 of the Dungeon.
             The game lasted 00:03:50 (652 turns).

RancidPinata the Sneak (Octopode Delver)             Turns: 652, Time: 00:03:50

Health: -1/37      AC: -3    Str: 12    XL:     5   Next: 40%
Magic:  5/5        EV: 14    Int: 12    God:    Dithmenos [......]
Gold:   55         SH:  0    Dex: 15    Spells: 4/4 levels left

rFire   . . .        a - +0 short sword
rCold   . . .        (no shield)
rNeg    . . .        (helmet restricted)
rPois   .            (no amulet)
rElec   .            (no ring)
rCorr   .            (no ring)
SInv    .            (no ring)
Will    .....        (no ring)
Stlth   +++++        (no ring)
HPRegen 0.26/turn    (no ring)
MPRegen 0.09/turn    (no ring)
                     (no ring)

%: no passive effects
@: corroded, hasted, very quick
A: almost no armour, amphibious, 8 rings, camouflage 1, gelatinous body 1,
(nimble swimmer 1), tentacles
a: Renounce Religion


You were on level 3 of the Dungeon.
You worshipped Dithmenos.
Dithmenos was noncommittal.
You visited 2 branches of the dungeon, and saw 5 of its levels.

You collected 55 gold pieces.

Inventory:

Hand Weapons
 a - a +0 short sword (weapon)
Missiles
 h - 7 stones (quivered)
Wands
 f - a wand of digging (3)
 g - a wand of flame (24)
Scrolls
 b - a scroll of fog
 c - a scroll of magic mapping
 d - a scroll of fear
 i - a scroll of amnesia {unknown}
Potions
 e - a potion of haste


   Skills:
 * Level 4.1 Fighting
 + Level 2.8 Short Blades
 + Level 2.9 Dodging
 * Level 7.8 Stealth


You had 4 spell levels left.
You didn't know any spells.
Your spell library contained the following spells:

 Spells                   Type           Power      Damage    Failure   Level
 Summon Forest            Summ/Tloc      0%         N/A       100%        5
 Eringya's Noxious Bog    Tmut/Pois      0%         N/A       100%        6
 Summon Hydra             Summ           0%         N/A       100%        7


Dungeon Overview and Level Annotations

Branches:
Dungeon (6/15)             Temple (1/1) D:6

Altars:
Ashenzari
Cheibriados
Dithmenos
Fedhas
Gozag
Kikubaaqudgha
Makhleb
Nemelex Xobeh
Okawaru
Qazlal
Ru
Sif Muna
Xom
Zin
The Shining One


Innate Abilities, Weirdness & Mutations

You cannot wear most types of armour.
You are amphibious.
You can wear up to eight rings at the same time.
Your skin changes colour to match your surroundings (Stealth+).
Your rubbery body absorbs attacks. (AC +1, EV +1)
((You are camouflaged when in or above water. (Stealth+)))
You have tentacles for arms and can constrict up to eight enemies at once.


Message History

An orc wizard comes into view. It is wielding a +0 dagger.
Found a stone staircase leading up.
The orc wizard shouts!
You hear a shout! x3
An orc comes into view. It is wielding a +0 whip.
You hear a shout!
An orc comes into view. It is wielding a +0 club.
The orc wizard hits you with a +0 dagger.
An orc comes into view. It is wielding a +0 war axe.
There is a stone staircase leading up here.
You barely miss the orc wizard. You grab the orc wizard.
You constrict the orc wizard.
The orc wizard gestures at you while chanting.
The puff of flame misses you.
The puff of flame hits the jelly!
You release your grip on the orc wizard.
HP restored.
The jelly completely misses you.
The orc wizard hits you with a +0 dagger.
You climb upwards.
Found 9 gold pieces.
Found two stone staircases leading up.
There is a stone staircase leading down here.
The jelly completely misses you.
The orc wizard attacks as you move away!
The orc wizard misses you. The jelly attacks as you move away!
The jelly hits you.
You are splashed with acid!
The orc wizard attacks as you move away!
The orc wizard hits you with a +0 dagger.
There is a stone staircase leading up here.
The orc wizard casts a spell at you. The magic dart hits you!
The jelly hits you. The acid corrodes you!
You are splashed with acid!
* * * LOW HITPOINT WARNING * * *
You climb upwards.
Found a club.
There is a stone staircase leading down here.
You feel yourself speed up. The jelly barely misses you.
The orc wizard hits you with a +0 dagger.
* * * LOW HITPOINT WARNING * * *
Found 14 gold pieces and a leather armour.
The orc wizard hits you with a +0 dagger.
You die...

##. . ... ..
...[ ... ###
...# ....
+.##.)# $....
#.....#
......#.J#.##
#.@o...#
#.#>...#
#.##.### ..
.# ..# .# ...
.# .... ..
..... ##


You could see a jelly and an orc wizard.

Vanquished Creatures
  Menkaure (D:6)
  A hound (D:6)
  A white imp (D:6)
  An orc (D:6)
4 creatures vanquished.

Notes
Turn   | Place    | Note
-------+----------+-------------------------------------------
     0 | D:5      | RancidPinata the Octopode Delver began the quest for the
                  | Orb.
     0 | D:5      | Reached XP level 1. HP: 16/16 MP: 1/1
   103 | D:6      | Reached XP level 2. HP: 12/21 MP: 2/2
   174 | D:6      | Found a staircase to the Ecumenical Temple.
   183 | Temple   | Entered the Ecumenical Temple
   228 | Temple   | Became a worshipper of Dithmenos the Shadowed
   384 | D:6      | Noticed Menkaure
   388 | D:6      | Killed Menkaure
   389 | D:6      | Reached skill level 7 in Stealth
   389 | D:6      | Reached XP level 3. HP: 11/27 MP: 3/3
   389 | D:6      | Reached XP level 4. HP: 14/33 MP: 4/4
   389 | D:6      | Reached XP level 5. HP: 16/37 MP: 5/5
   481 | D:6      | Noticed a steam dragon
   525 | D:6      | Found a shimmering altar of Xom.
   651 | D:3      | HP: 1/37 [orc wizard/+0 dagger (2)]
   652 | D:3      | Slain by an orc wizard

Illustrated notes

Levels and vault maps discovered:
D:3:      layout_basic
D:4:      layout_cave_pods, lemuel_tele_altar
D:5:      minmay_opposing_rooms, layout_loops_cross, gammafunk_ghost_split,
          solitary_fountain
D:6:      layout_basic, nicolae_wu_jian_glorious_leap, amcnicky_altar_gilded,
          nicolae_overflow_hidden_temple, minmay_temple_entry_drinking_statues,
          roderic_lattice_a, roderic_batcave, nicolae_figureground_sparkle,
          uniq_menkaure
Temple:   compressed_dpeg_circular_temple

Skill      XL: |  1  2 |
---------------+-------+-----
Fighting       | 4 |  4.1
Stealth        | 7 |  7.8
Short Blades   | |  2.8
Dodging        | |  2.9

Action                     |  1- 3 |  4- 6 || total
---------------------------+-------+-------++-------
  Melee: Short sword       |     6 |     3 ||     9
         Tentacles         |     2 |       ||     2
         Constrict         |     1 |     1 ||     2
    Use: Potion            |       |     1 ||     1
   Stab: Sleeping          |     1 |     2 ||     3
  Dodge: Dodged            |     1 |     5 ||     6
